 Dungeon Crawl Stone Soup version 0.25-a0-364-ge76b031baf (webtiles) character file.

Game seed: 15250523107430410821, levelgen mode: deterministic

344 night the Stinger (level 6, -2/47 HPs)
             Began as a Demonspawn Venom Mage on Jan 4, 2020.
             Slain by a bullfrog skeleton (3 damage)
             ... on level 5 of the Dungeon.
             The game lasted 00:10:09 (4320 turns).

night the Stinger (Demonspawn Venom Mage)           Turns: 4320, Time: 00:10:10

Health: -2/47      AC:  3    Str:  8    XL:     6   Next: 31%
Magic:  3/11       EV: 12    Int: 18    God:
Gold:   252        SH:  0    Dex: 14    Spells: 3/12 levels left

rFire    + . .     SeeInvis .   t - +0 short sword (venom)
rCold    . . .     Gourm    .   (no shield)
rNeg     . . .     Faith    .   p - +0 robe {MR+}
rPois    .         Spirit   .   n - +0 hat
rElec    .         Reflect  .   l - +0 cloak
rCorr    .         Harm     .   (no gloves)
MR       +....                  (no boots)
Stlth    ++........             B - amulet of rage
HPRegen  0.15/turn              (no ring)
MPRegen  0.12/turn              (no ring)

@: about to teleport
A: antennae 1, fire resistance 1
a: Evoke Berserk Rage


You were on level 5 of the Dungeon.
You were very hungry.

You visited 1 branch of the dungeon, and saw 5 of its levels.

You collected 252 gold pieces.

Inventory:

Hand Weapons
 h - a +0 hunting sling
 o - a +0 trident
 t - a +0 short sword of venom (weapon)
Missiles
 b - 32 bolts
 e - 13 poisoned darts (quivered)
 i - 79 stones
 y - a throwing net
 z - 6 boomerangs
Armour
 l - a +0 cloak (worn)
 n - a +0 hat (worn)
 p - a +0 robe of magic resistance (worn)
Jewellery
 B - an amulet of rage (around neck)
Wands
 a - a wand of paralysis (6)
 A - a wand of random effects (19)
Scrolls
 d - a scroll of fog
 q - a scroll of remove curse {unknown}
 s - 2 scrolls of fear {unknown}
 u - a scroll of random uselessness {unknown}
 w - 2 scrolls of amnesia {unknown}
 x - a scroll of enchant armour {unknown}
 C - a scroll of magic mapping {unknown}
Potions
 f - a potion of resistance {unknown}
 g - a potion of haste {unknown}
 j - a potion of ambrosia {unknown}
 k - 10 potions of curing
 m - a potion of mutation {unknown}
 r - a potion of invisibility {unknown}
Comestibles
 c - 9 rations


   Skills:
 + Level 3.5 Fighting
 - Level 1.7 Dodging
 - Level 1.7 Stealth
 + Level 3.9 Spellcasting
 - Level 0.8 Transmutations
 + Level 4.7 Poison Magic


You had 3 spell levels left.
You knew the following spells:

 Your Spells              Type           Power        Failure   Level  Hunger
a - Sting                 Tmut/Pois      ##..         4%          1    None
b - Poisonous Vapours     Pois/Air       ##....       9%          2    ##.....
c - Mephitic Cloud        Conj/Pois/Air  #.......     24%         3    ###....
d - Ignite Poison         Fire/Tmut/Pois ##......     21%         3    ###....

Your spell library contained the following spells:

 Spells                   Type           Power        Failure   Level  Hunger
 Olgreb's Toxic Radiance  Pois           ###.....     21%         4    ####...


Dungeon Overview and Level Annotations

Branches:
Dungeon (5/15)
 Temple: D:4-7

Altars:

Annotations:
D:4 2 runed translucent doors, Gruesome's ghost, amateur DrTm


Innate Abilities, Weirdness & Mutations

You have a pair of small antennae on your head.
Your flesh is heat resistant. (rF+)


Message History

You have reached level 6!
Your experience leads to an increase in your attributes!
Increase (S)trength, (I)ntelligence, or (D)exterity?
You feel clever.
Your demonic ancestry asserts itself...
You feel resistant to heat.
The bullfrog skeleton hits you but does no damage.
The bullfrog skeleton hits you.
* * * LOW HITPOINT WARNING * * *
The bullfrog skeleton hits you.
* * * LOW HITPOINT WARNING * * *
You hit the bullfrog skeleton.
The bullfrog skeleton is heavily damaged.
The bullfrog skeleton barely misses you.
You barely miss the bullfrog skeleton.
The bullfrog skeleton is heavily damaged.
The bullfrog skeleton hits you.
* * * LOW HITPOINT WARNING * * *
As you read the scroll of teleportation, it crumbles to dust.
You feel strangely unstable. The bullfrog skeleton hits you.
You die...

###........<..#
##.....#..#.....#
##....#....#.....#
#.....##...#.#####
##..(.##......
###..#....### ###
##......+
###.######....####
#.......#Z@...#
####............#
#.###.#...o.....#
###.#.........##.##
###.......[.....# ...
#.....................#
##........#...........#
...##....##............
##...)..###..........


You could see an orc and a bullfrog skeleton.

Vanquished Creatures
  An ogre (D:5)
  An orc priest (D:3)
  A bullfrog zombie (D:5)
  2 orc wizards (D:3)
  A hound skeleton (D:4)
  2 adders (D:2)
  4 gnolls (D:2)
  2 dart slugs (D:1)
  A leopard gecko (D:1)
  12 orcs
  4 bats
  4 giant cockroaches
  8 goblins
  2 hobgoblins (D:1)
  3 jackals (D:4)
  2 quokkas (D:2)
  A ball python (D:3)
  2 kobolds
  A quokka zombie (D:5)
  5 rats
59 creatures vanquished.

Notes
Turn   | Place    | Note
-------+----------+-------------------------------------------
     0 | D:1      | night the Demonspawn Venom Mage began the quest for the
                  | Orb.
     0 | D:1      | Reached XP level 1. HP: 13/13 MP: 3/3
   553 | D:1      | Gained mutation: You have a pair of small antennae on your
                  | head. [demonic ancestry]
   553 | D:1      | Reached XP level 2. HP: 14/20 MP: 0/5
   557 | D:1      | Learned a level 2 spell: Poisonous Vapours
   922 | D:1      | Reached skill level 1 in Fighting
  1399 | D:2      | Reached XP level 3. HP: 26/26 MP: 4/6
  1404 | D:2      | Learned a level 3 spell: Mephitic Cloud
  1759 | D:2      | HP: 1/26 [gnoll/+0 halberd (8)]
  2151 | D:2      | Reached XP level 4. HP: 24/33 MP: 0/8
  2732 | D:3      | Found a faded altar of an unknown god.
  2898 | D:3      | Reached skill level 4 in Poison Magic
  3204 | D:3      | Reached XP level 5. HP: 39/39 MP: 6/9
  3488 | D:4      | Found a large runed translucent door.
  3488 | D:4      | Found a large runed translucent door.
  3488 | D:4      | Noticed Gruesome's ghost (amateur DrTm)
  3518 | D:4      | Learned a level 3 spell: Ignite Poison
  3923 | D:5      | Entered Level 5 of the Dungeon
  4296 | D:5      | Noticed an ogre
  4310 | D:5      | Killed an ogre
  4310 | D:5      | Gained mutation: Your flesh is heat resistant. (rF+)
                  | [demonic ancestry]
  4310 | D:5      | Reached XP level 6. HP: 11/47 MP: 2/11
  4319 | D:5      | HP: 1/47 [bullfrog skeleton (4)]
  4320 | D:5      | Slain by a bullfrog skeleton

Levels and vault maps discovered:
D:1:      lemuel_arrival_tunnels, layout_loops_ring
D:2:      layout_loops_ring, first_ration
D:3:      layout_basic, chequers_ecumenical_altar_simple_redux
D:4:      layout_rooms, serial_bayou, serial_bayou_pond_e, serial_bayou_shore_b,
          serial_bayou_pond_e, serial_bayou_shore_b, ebering_ghost_disaster_area
D:5:      layout_cave_pools, supply_closet_lemuel, palyth_stone_intersect,
          corexii_corridor_pit, okawaru_trees_1

Skill      XL: |  1  2  3  4  5 |
---------------+----------------+-----
Fighting       | 1 2 3 |  3.5
Spellcasting   | 3 |  3.9
Poison Magic   | 4 |  4.7
Dodging        | |  1.7
Stealth        | |  1.7
Transmutations | |  0.8

Action                   |  1- 3 |  4- 6 || total
-------------------------+-------+-------++-------
Melee: Unarmed           |    11 |       ||    11
       Halberd           |     1 |    14 ||    15
       Trident           |       |    14 ||    14
       Short sword       |       |    42 ||    42
 Cast: Sting             |    39 |    14 ||    53
       Mephitic Cloud    |     2 |     4 ||     6
       Poisonous Vapours |     1 |    17 ||    18
  Use: Scroll            |     3 |     2 ||     5
 Stab: Sleeping          |       |     4 ||     4
  Eat: Chunk             |     3 |     8 ||    11
Armor: Robe              |     1 |     7 ||     8
Dodge: Dodged            |    24 |    43 ||    67

Table legend:
 A = Non-vault XP
 B = Vault XP
 C = Vault XP percentage of total XP
 D = Non-vault monster count
 E = Vault monster count
 F = Vault count percentage of total count
                 A         B        C        D         E       F
            +---------+---------+-------+---------+---------+-------
      Total |     492 |       0 |   0.0 |      59 |       0 |   0.0
            +---------+---------+-------+---------+---------+-------
        D:1 |      24 |       0 |   0.0 |      11 |       0 |   0.0
        D:2 |     105 |       0 |   0.0 |      20 |       0 |   0.0
        D:3 |     166 |       0 |   0.0 |      19 |       0 |   0.0
        D:4 |      29 |       0 |   0.0 |       6 |       0 |   0.0
        D:5 |     168 |       0 |   0.0 |       3 |       0 |   0.0
            +---------+---------+-------+---------+---------+-------
